BSA
POCATELLO BOCCABELLAS @ SO CAL BRUINS
08/18/2028
 
TOP OF THE 1ST
Pocatello Boccabellas batting - Pitching for So Cal Bruins : LHP Ramiro Jiménez
Pitching: LHP Ramiro Jiménez
Batting: RHB Tomás Carranza 0-0: Called Strike
0-1: Ground out 3-1 (Groundball, 34)
Batting: RHB José Delgado 0-0: Foul Ball, location: 2F
0-1: Fly out, F9 (Flyball, 89S)
Batting: RHB Marlon Phipps 0-0: Called Strike
0-1: Foul Ball, location: 2F
0-2: Ball
1-2: Ball
2-2: Strikes out swinging, 2-3 out at first.
Top of the 1st over - 0 run(s), 0 hit(s), 0 error(s), 0 left on base; Pocatello 0 - So Cal 0
BOTTOM OF THE 1ST
So Cal Bruins batting - Pitching for Pocatello Boccabellas : RHP Bud Baldwin
Pitching: RHP Bud Baldwin
Batting: LHB Jesús Campos 0-0: Ball
1-0: Ball
2-0: Called Strike
2-1: Foul Ball, location: 2F
2-2: Ball
3-2: Base on Balls
Batting: RHB Lawrence Schroeder 0-0: Called Strike
Jesús Campos steals 2nd base
0-1: Ball
1-1: Ball
2-1: Fly out, F7 (Flyball, 7)
Batting: RHB Earl Wiggins 0-0: Ground out 5-3 (Groundball, 56S)
Jesús Campos to third
Batting: LHB José Antonio Santiago 0-0: Swinging Strike
0-1: Ball
1-1: 2-RUN HOME RUN (Flyball, 7D), Distance : 374 ft
Batting: RHB Rubén Calderón 0-0: Foul Ball, location: 2F
0-1: Ball
1-1: Ball
2-1: Ground out 6-3 (Groundball, 6)
Bottom of the 1st over - 2 run(s), 1 hit(s), 0 error(s), 0 left on base; Pocatello 0 - So Cal 2
TOP OF THE 2ND
Pocatello Boccabellas batting - Pitching for So Cal Bruins : LHP Ramiro Jiménez
Batting: RHB Ernesto Acosta 0-0: Swinging Strike
0-1: Called Strike
0-2: Ball
1-2: Ball
2-2: Foul Ball, location: 2F
2-2: Ball
3-2: Foul Ball, location: 2F
3-2: Strikes out swinging
Batting: RHB Francisco Sandoval 0-0: Called Strike
0-1: Ball
1-1: Fly out, F9 (Line Drive, 89D)
Batting: SHB Nick Cox 0-0: Called Strike
0-1: SINGLE (Groundball, 34D)
Batting: LHB Jim Jensen 0-0: Called Strike
0-1: Ball
1-1: SINGLE (Groundball, 6MD)
Nick Cox to second
Batting: LHB José Berroa 0-0: Foul Ball, location: 2F
0-1: Fly out, F7 (Flyball, 7LS)
Top of the 2nd over - 0 run(s), 2 hit(s), 0 error(s), 2 left on base; Pocatello 0 - So Cal 2
BOTTOM OF THE 2ND
So Cal Bruins batting - Pitching for Pocatello Boccabellas : RHP Bud Baldwin
Batting: LHB Kiyonaga Morita 0-0: Ball
1-0: SINGLE (Line Drive, 56)
Batting: LHB Phil Smith 0-0: Ball
1-0: Called Strike
1-1: Foul Ball, location: 2F
1-2: Ball
2-2: Fly out, F9 (Flyball, 89D)
Batting: RHB Eugene Gill 0-0: Ball
1-0: Called Strike
1-1: Ball
2-1: Foul Ball, location: 2F
2-2: SINGLE (Groundball, 4MD)
Kiyonaga Morita to second
Batting: RHB Morgan Gibbon 0-0: Called Strike
0-1: Foul Ball, location: 2F
0-2: Fly out, F9 (Line Drive, 9S)
Batting: LHB Jesús Campos 0-0: Called Strike
0-1: Ball
1-1: Called Strike
1-2: Foul Ball, location: 2F
1-2: Foul Ball, location: 2F
1-2: Ground out U3 (Groundball, 3)
Bottom of the 2nd over - 0 run(s), 2 hit(s), 0 error(s), 2 left on base; Pocatello 0 - So Cal 2
TOP OF THE 3RD
Pocatello Boccabellas batting - Pitching for So Cal Bruins : LHP Ramiro Jiménez
Batting: LHB Héctor Rentería 0-0: Called Strike
0-1: Ball
1-1: Ball
2-1: Called Strike
2-2: Strikes out swinging
Batting: RHB Tomás Carranza 0-0: Ball
1-0: SINGLE (Groundball, 6MD)
Batting: RHB José Delgado 0-0: Ground out 5-3 (Groundball, 5S)
Tomás Carranza to second
Batting: RHB Marlon Phipps 0-0: Foul Ball, location: 2F
0-1: Fly out, F3 (Popup, 3D)
Top of the 3rd over - 0 run(s), 1 hit(s), 0 error(s), 1 left on base; Pocatello 0 - So Cal 2
BOTTOM OF THE 3RD
So Cal Bruins batting - Pitching for Pocatello Boccabellas : RHP Bud Baldwin
Batting: RHB Lawrence Schroeder 0-0: Ball
1-0: Ground out 4-3 (Groundball, 4)
Batting: RHB Earl Wiggins 0-0: Foul Ball, location: 2F
0-1: Ball
1-1: SINGLE (Line Drive, 8LS)
Batting: LHB José Antonio Santiago 0-0: Called Strike
0-1: Called Strike
0-2: Ball
1-2: Fly out, F4 (Popup, 34D)
Batting: RHB Rubén Calderón 0-0: Ball
1-0: Ball
2-0: Swinging Strike
2-1: Foul Ball, location: 2F
2-2: DOUBLE (Groundball, 5L)
Earl Wiggins to third
Batting: LHB Kiyonaga Morita 0-0: Fly out, F7 (Flyball, 7S)
Bottom of the 3rd over - 0 run(s), 2 hit(s), 0 error(s), 2 left on base; Pocatello 0 - So Cal 2
TOP OF THE 4TH
Pocatello Boccabellas batting - Pitching for So Cal Bruins : LHP Ramiro Jiménez
Batting: RHB Ernesto Acosta 0-0: Swinging Strike
0-1: Called Strike
0-2: Foul Ball, location: 2F
0-2: Ball
1-2: Ball
2-2: Strikes out swinging
Batting: RHB Francisco Sandoval 0-0: Swinging Strike
0-1: Ball
1-1: SOLO HOME RUN (Flyball, 9D), Distance : 355 ft
Batting: SHB Nick Cox 0-0: Ground out 4-3 (Groundball, 4)
Batting: LHB Jim Jensen 0-0: Called Strike
0-1: Ball
1-1: Foul Ball, location: 2F
1-2: Ball
2-2: Ground out 4-3 (Groundball, 4)
Top of the 4th over - 1 run(s), 1 hit(s), 0 error(s), 0 left on base; Pocatello 1 - So Cal 2
BOTTOM OF THE 4TH
So Cal Bruins batting - Pitching for Pocatello Boccabellas : RHP Bud Baldwin
Batting: LHB Phil Smith 0-0: Ball
1-0: Called Strike
1-1: Called Strike
1-2: Ball
2-2: SINGLE (Groundball, 6D)
Batting: RHB Eugene Gill 0-0: Swinging Strike
0-1: Swinging Strike
0-2: Strikes out swinging
Batting: RHB Morgan Gibbon 0-0: Called Strike
0-1: DOUBLE (Line Drive, 9D)
Phil Smith to third
Runner from 3rd tries for Home, SAFE, throw made home
Batting: LHB Jesús Campos 0-0: Called Strike
0-1: Ball
1-1: Ball
2-1: Ball
3-1: Base on Balls
Batting: RHB Lawrence Schroeder 0-0: Ball
1-0: Swinging Strike
1-1: SINGLE (Line Drive, 6MD)
Morgan Gibbon to third
Jesús Campos to second
Batting: RHB Earl Wiggins 0-0: Ball
1-0: Foul Ball, location: 2F
1-1: Foul Ball, location: 2F
1-2: Ball
2-2: Ball
3-2: SINGLE (Groundball, 6M) (infield hit)
Morgan Gibbon scores
Jesús Campos to third
Lawrence Schroeder to second
Batting: LHB José Antonio Santiago 0-0: Ground out 4-3 (Groundball, 4S)
Jesús Campos scores
Lawrence Schroeder to third
Earl Wiggins to second
Batting: RHB Rubén Calderón 0-0: Called Strike
0-1: Called Strike
0-2: Foul Ball, location: 2F
0-2: Ball
1-2: Ground out 5-3 (Groundball, 56)
Bottom of the 4th over - 3 run(s), 4 hit(s), 0 error(s), 2 left on base; Pocatello 1 - So Cal 5
TOP OF THE 5TH
Pocatello Boccabellas batting - Pitching for So Cal Bruins : LHP Ramiro Jiménez
Batting: LHB José Berroa 0-0: Ball
1-0: Swinging Strike
1-1: Foul Ball, location: 2F
1-2: Strikes out looking
Batting: LHB Héctor Rentería 0-0: Ball
1-0: Ball
2-0: Ground out 1-3 (Groundball, 13)
Batting: RHB Tomás Carranza 0-0: Ball
1-0: Ball
2-0: SINGLE (Line Drive, 9S)
Batting: RHB José Delgado 0-0: Fly out, F9 (Flyball, 9)
Top of the 5th over - 0 run(s), 1 hit(s), 0 error(s), 1 left on base; Pocatello 1 - So Cal 5
BOTTOM OF THE 5TH
So Cal Bruins batting - Pitching for Pocatello Boccabellas : RHP Bud Baldwin
Pitching: RHP Esteban Corona
Batting: LHB Kiyonaga Morita 0-0: Called Strike
0-1: Swinging Strike
0-2: Ball
1-2: DOUBLE (Line Drive, 8LXD)
Batting: LHB Phil Smith 0-0: Ball
1-0: Ball
2-0: SINGLE (Line Drive, 4M)
Kiyonaga Morita to third
Runner from 3rd tries for Home, SAFE, throw made home
Batting: RHB Eugene Gill 0-0: Foul Ball, location: 2F
0-1: Foul Ball, location: 2F
0-2: Ball
1-2: Ball
2-2: Strikes out looking
Batting: RHB Morgan Gibbon 0-0: Foul Ball, location: 2F
0-1: Foul Ball, location: 2F
0-2: Fly out, F8 (Flyball, 78M)
Batting: LHB Jesús Campos 0-0: Fielders Choice at 2nd, 4-6 (Groundball, 4)
Bottom of the 5th over - 1 run(s), 2 hit(s), 0 error(s), 0 left on base; Pocatello 1 - So Cal 6
TOP OF THE 6TH
Pocatello Boccabellas batting - Pitching for So Cal Bruins : LHP Ramiro Jiménez
Batting: RHB Marlon Phipps 0-0: Called Strike
0-1: Swinging Strike
0-2: Foul Ball, location: 2F
0-2: Strikes out looking
Batting: RHB Ernesto Acosta 0-0: Ball
1-0: Called Strike
1-1: SINGLE (Line Drive, 6M)
Batting: RHB Francisco Sandoval 0-0: DOUBLE (Line Drive, 9LM)
Ernesto Acosta to third
Runner from 3rd tries for Home, SAFE, throw made at trailing runner, SAFE at third!
Batting: SHB Nick Cox 0-0: Called Strike
0-1: Ball
1-1: Swinging Strike
1-2: Strikes out swinging
Batting: LHB Jim Jensen 0-0: Foul Ball, location: 2F
0-1: SINGLE (Groundball, 34D)
Francisco Sandoval scores
Batting: LHB José Berroa 0-0: Called Strike
0-1: SINGLE (Line Drive, 5D)
Jim Jensen to second
Batting: LHB Héctor Rentería 0-0: Called Strike
0-1: SINGLE (Line Drive, 4MD)
Jim Jensen to third
José Berroa to second
Batting: RHB Tomás Carranza 0-0: Swinging Strike
0-1: Ball
1-1: Ball
2-1: SINGLE (Line Drive, 6MD)
Jim Jensen scores
José Berroa to third
Héctor Rentería to second
Runner from 3rd tries for Home, SAFE, no throw
Pitching: RHP Jerry Good
Batting: RHB José Delgado 0-0: Hit by Pitch
Héctor Rentería to third
Tomás Carranza to second
Batting: RHB Marlon Phipps 0-0: Ball
1-0: Ball
2-0: Ball
3-0: Called Strike
3-1: Swinging Strike
3-2: Fly out, F7 (Line Drive, 7)
Top of the 6th over - 4 run(s), 6 hit(s), 0 error(s), 3 left on base; Pocatello 5 - So Cal 6
BOTTOM OF THE 6TH
So Cal Bruins batting - Pitching for Pocatello Boccabellas : RHP Esteban Corona
Batting: RHB Lawrence Schroeder 0-0: Called Strike
0-1: Ball
1-1: Fly out, F7 (Flyball, 7)
Batting: RHB Earl Wiggins 0-0: Ball
1-0: SINGLE (Line Drive, 56D)
Batting: LHB José Antonio Santiago 0-0: Ball
1-0: Ball
2-0: Ball
3-0: Called Strike
3-1: Base on Balls
Earl Wiggins to second
Batting: RHB Rubén Calderón 0-0: Ball
1-0: SINGLE (Line Drive, 8LS)
Earl Wiggins to third
José Antonio Santiago to second
Batting: LHB Kiyonaga Morita 0-0: Foul Ball, location: 2F
0-1: GRAND SLAM HOME RUN (Line Drive, 9LD), Distance : 343 ft
Pitching: LHP Halewijn Tipping
Batting: LHB Phil Smith 0-0: Ball
1-0: Foul Ball, location: 2F
1-1: Called Strike
1-2: Strikes out swinging, 2-3 out at first.
Batting: RHB Eugene Gill 0-0: Called Strike
0-1: Ball
1-1: Called Strike
1-2: Ground out 6-3 (Groundball, 6)
Bottom of the 6th over - 4 run(s), 3 hit(s), 0 error(s), 0 left on base; Pocatello 5 - So Cal 10
TOP OF THE 7TH
Pocatello Boccabellas batting - Pitching for So Cal Bruins : RHP Jerry Good
Batting: RHB Ernesto Acosta 0-0: Called Strike
0-1: Ball
1-1: Called Strike
1-2: Ball
2-2: Ball
3-2: Fly out, F9 (Flyball, 9LMF)
Batting: RHB Francisco Sandoval 0-0: Ground out 5-3 (Groundball, 56)
Batting: SHB Nick Cox 0-0: Ball
1-0: Called Strike
1-1: Swinging Strike
1-2: SINGLE (Line Drive, 4)
Batting: LHB Jim Jensen 0-0: Ball
1-0: Swinging Strike
1-1: Foul Ball, location: 2F
1-2: SINGLE (Groundball, 4MD)
Nick Cox to second
Nick Cox to third
Pitching: RHP Kazuo Mochizuki
Batting: LHB José Berroa 0-0: Ball
1-0: Called Strike
1-1: Ball
2-1: Ball
3-1: Swinging Strike
3-2: Strikes out swinging
Top of the 7th over - 0 run(s), 2 hit(s), 0 error(s), 2 left on base; Pocatello 5 - So Cal 10
BOTTOM OF THE 7TH
So Cal Bruins batting - Pitching for Pocatello Boccabellas : LHP Halewijn Tipping
Batting: RHB Morgan Gibbon 0-0: SINGLE (Flyball, 4MD)
Batting: LHB Jesús Campos 0-0: Swinging Strike
0-1: Foul Ball, location: 2F
0-2: Ball
1-2: Ball
2-2: Ball
3-2: Foul Ball, location: 2F
3-2: Fly out, F7 (Flyball, 7LD)
Batting: RHB Lawrence Schroeder 0-0: Called Strike
0-1: Ball
1-1: Foul Ball, location: 2F
1-2: Ball
2-2: SINGLE (Groundball, 56D)
Morgan Gibbon to second
Batting: RHB Earl Wiggins 0-0: Called Strike
0-1: SINGLE (Line Drive, 89S)
Morgan Gibbon to third
Lawrence Schroeder to second
Batting: LHB José Antonio Santiago 0-0: Ball
1-0: Foul Ball, location: 2F
1-1: Ball
2-1: GRAND SLAM HOME RUN (Flyball, 89XD), Distance : 385 ft
Pitching: RHP Ben Cobb
Batting: RHB Rubén Calderón 0-0: Ball
1-0: Ball
2-0: Foul Ball, location: 2F
2-1: Foul Ball, location: 2F
2-2: SOLO HOME RUN (Flyball, 7D), Distance : 354 ft
Batting: LHB Kiyonaga Morita 0-0: Ground out 6-3 (Groundball, 6)
Batting: LHB Phil Smith 0-0: Ball
1-0: Ball
2-0: Fly out, F9 (Flyball, 89S)
Bottom of the 7th over - 5 run(s), 5 hit(s), 0 error(s), 0 left on base; Pocatello 5 - So Cal 15
TOP OF THE 8TH
Pocatello Boccabellas batting - Pitching for So Cal Bruins : RHP Kazuo Mochizuki
Batting: LHB Héctor Rentería 0-0: Ball
1-0: Swinging Strike
1-1: Swinging Strike
1-2: Ball
2-2: SOLO HOME RUN (Line Drive, 9D), Distance : 357 ft
Batting: RHB Tomás Carranza 0-0: Ball
1-0: Ball
2-0: SINGLE (Groundball, 4MD)
Batting: RHB José Delgado 0-0: Foul Ball, location: 2F
0-1: Foul Ball, location: 2F
0-2: Grounds into double play, 5-4-3 (Groundball, 5)
Batting: RHB Marlon Phipps 0-0: Ball
1-0: Foul Ball, location: 2F
1-1: Foul Ball, location: 2F
1-2: Ball
2-2: Foul Ball, location: 2F
2-2: Ball
3-2: Foul Ball, location: 2F
3-2: Base on Balls
Batting: RHB Ernesto Acosta 0-0: Fly out, F9 (Flyball, 9S)
Top of the 8th over - 1 run(s), 2 hit(s), 0 error(s), 1 left on base; Pocatello 6 - So Cal 15
BOTTOM OF THE 8TH
So Cal Bruins batting - Pitching for Pocatello Boccabellas : RHP Ben Cobb
Batting: RHB Eugene Gill 0-0: SOLO HOME RUN (Flyball, 7LD), Distance : 347 ft
Batting: RHB Morgan Gibbon 0-0: Ground out 5-3 (Groundball, 56)
Batting: LHB Jesús Campos 0-0: Ball
1-0: Foul Ball, location: 2F
1-1: Ball
2-1: Ball
3-1: Base on Balls
Batting: RHB Lawrence Schroeder 0-0: SINGLE (Line Drive, 3)
Jesús Campos to second
Batting: RHB Earl Wiggins 0-0: Ball
1-0: Called Strike
1-1: Foul Ball, location: 2F
1-2: Fly out, F7 (Line Drive, 7D)
Runner from 2nd tags up, SAFE at 3rd, no throw
Batting: LHB José Antonio Santiago 0-0: Ball
1-0: Foul Ball, location: 2F
1-1: Ball
2-1: Ball
3-1: Called Strike
3-2: Foul Ball, location: 2F
3-2: 3-RUN HOME RUN (Flyball, 78D), Distance : 392 ft
Pitching: RHP Adrián Martínez
Batting: RHB Rubén Calderón 0-0: Ball
1-0: Called Strike
1-1: Called Strike
1-2: Strikes out swinging, 2-3 out at first.
Bottom of the 8th over - 4 run(s), 3 hit(s), 0 error(s), 0 left on base; Pocatello 6 - So Cal 19
TOP OF THE 9TH
Pocatello Boccabellas batting - Pitching for So Cal Bruins : RHP Kazuo Mochizuki
Batting: RHB Francisco Sandoval 0-0: Foul Ball, location: 2F
0-1: Fly out, F9 (Flyball, 9S)
Batting: SHB Nick Cox 0-0: Ball
1-0: Ground out 2-3 (Groundball, 15S)
Batting: LHB Jim Jensen 0-0: Called Strike
0-1: SINGLE (Flyball, 89S)
Batting: LHB José Berroa 0-0: Foul Ball, location: 2F
0-1: Foul Ball, location: 2F
0-2: Strikes out looking
Top of the 9th over - 0 run(s), 1 hit(s), 0 error(s), 1 left on base; Pocatello 6 - So Cal 19
Tuesday, August 8th, 2017 - OOTP Baseball 17.12 Build 75